 Dungeon Crawl Stone Soup version 0.27-a0-1586-gd5c625afe7 (webtiles) character file.

Game seed: 3156236831917036486

86 HAL9000 the Sneak (level 4, -1/23 HPs)
             Began as a Vine Stalker Brigand on July 18, 2021.
             Slain by a centaur (4 damage)
             ... on level 4 of the Dungeon.
             The game lasted 00:03:03 (2472 turns).

HAL9000 the Sneak (Vine Stalker Brigand)            Turns: 2472, Time: 00:03:03

Health: -1/23      AC:  3    Str: 14    XL:     4   Next: 50%
Magic:  0/5        EV: 11    Int: 11    God:
Gold:   89         SH:  0    Dex: 16    Spells: 3/3 levels left

rFire    . . .     SeeInvis .   a - +2 dagger
rCold    . . .     Faith    .   (no shield)
rNeg     . . .     Spirit   +   b - +0 robe
rPois    .         Reflect  .   (no helmet)
rElec    .         Harm     .   c - +0 cloak
rCorr    .         Rampage  .   (no gloves)
Will     .....                  (no boots)
Stlth    +++.......             (no amulet)
HPRegen  1.07/turn              (no ring)
MPRegen  0.09/turn              (no ring)

@: no status effects
A: fangs 2, regeneration 1, magic shield, antimagic bite, no potion heal 2
a: no special abilities


You were on level 4 of the Dungeon.
You visited 1 branch of the dungeon, and saw 4 of its levels.

You collected 89 gold pieces.

Inventory:

Hand Weapons
 a - a +2 dagger (weapon)
 f - a +1 antimagic dagger
 o - a +1 hunting sling of flaming
Missiles
 d - 7 poisoned darts
 e - a curare-tipped dart (quivered)
 p - 49 stones
Armour
 b - a +0 robe (worn)
 c - a +0 cloak (worn)
Jewellery
 g - an amulet of faith
Scrolls
 h - a scroll of enchant armour {unknown}
 i - a scroll of holy word {unknown}
 j - a scroll of noise {unknown}
 n - 2 scrolls of amnesia {unknown}
 t - a scroll of identify {unknown}
 u - a scroll of torment {unknown}
Potions
 k - 2 potions of curing {unknown}
 l - a potion of cancellation {unknown}
 m - a potion of flight {unknown}
 q - 2 potions of attraction {unknown}
 r - 2 potions of haste {unknown}
 s - 2 potions of brilliance {unknown}


   Skills:
 - Level 1.7 Fighting
 - Level 1.7 Short Blades
 + Level 4.2 Throwing
 - Level 0.7 Dodging
 - Level 4.8 Stealth


You had 3 spell levels left.
You didn't know any spells.
Your spell library was empty.

Dungeon Overview and Level Annotations

Branches:
Dungeon (4/15)
 Temple: D:4-7

Altars:
Vehumet
Beogh

Annotations:
D:3 3 runed translucent doors, tamionv's ghost, amateur DjGl


Innate Abilities, Weirdness & Mutations

You have extremely sharp teeth.
Your natural rate of healing is unusually fast.
When hurt, damage is shared between your health and your magic reserves.
Your bite disrupts and absorbs the magic of your enemies.
Potions cannot restore your health.


Message History

The centaur hits you.
The centaur kicks you but does no damage.
You hit the centaur.
The centaur is moderately wounded.
The hobgoblin hits you. The centaur hits you. The centaur misses you.
You hit the centaur. You bite the centaur, but do no damage.
The centaur is severely wounded.
The centaur hits you.
The centaur kicks you but does no damage.
The hobgoblin hits you.
You hit the centaur. You bite the centaur, but do no damage.
The centaur is severely wounded.
The centaur hits you.
* * * LOW HITPOINT WARNING * * *
The centaur barely misses you. The hobgoblin barely misses you.
The centaur barely misses you. The centaur closely misses you.
You barely miss the centaur. You bite the centaur, but do no damage.
The centaur is severely wounded.
The centaur hits you but does no damage.
The centaur barely misses you. The hobgoblin hits you.
* * * LOW HITPOINT WARNING * * *
You hit the centaur. You bite the centaur, but do no damage.
The centaur is almost dead.
The centaur hits you.
* * * LOW HITPOINT WARNING * * *
The centaur kicks you.
* * * LOW HITPOINT WARNING * * *
The hobgoblin completely misses you.
Okay, then.
Unknown command.
Throw: 2 darts (curare)
Press: ? - help, Q - select action, (/) - cycle Shift-Dir - straight line, f - hobgoblin
Aim: a hobgoblin (62% to hit)
You throw a curare-tipped dart.
The curare-tipped dart hits the hobgoblin.
The hobgoblin is poisoned.
The hobgoblin convulses.
You kill the hobgoblin!
The centaur barely misses you. The centaur closely misses you.
The centaur hits you.
You die...

#. ##. ##..
###...#
.......###
#......
#..†c#
#.##@###.#
#........#
####.#####
#######.#
#####.......#
#(.......####
#.###.##.#
#<##.# #.##.#


You could see a centaur.

Vanquished Creatures
  3 adders
  2 worms
  2 orcs (D:3)
  3 endoplasms
  2 giant cockroaches (D:1)
  6 goblins
  5 hobgoblins
  4 jackals (D:1)
  4 kobolds
  2 quokkas
  2 ball pythons
  7 bats
  5 frilled lizards
  4 rats
51 creatures vanquished.

Notes
Turn   | Place    | Note
-------+----------+-------------------------------------------
     0 | D:1      | HAL9000 the Vine Stalker Brigand began the quest for the
                  | Orb.
     0 | D:1      | Reached XP level 1. HP: 11/11 MP: 2/2
   193 | D:1      | Reached XP level 2. HP: 15/15 MP: 3/3
   435 | D:1      | Reached XP level 3. HP: 18/18 MP: 4/4
  1024 | D:2      | Gained mutation: Your natural rate of healing is unusually
                  | fast. [Vine Stalker growth]
  1024 | D:2      | Reached XP level 4. HP: 20/23 MP: 5/5
  1187 | D:2      | Found a radiant altar of Vehumet.
  1636 | D:3      | Found a runed translucent gate.
  1636 | D:3      | Found a runed translucent gate.
  1647 | D:3      | Found a runed translucent gate.
  1647 | D:3      | Noticed tamionv's ghost (amateur DjGl)
  1648 | D:3      | Identified the +2 ring mail "Pyllyth" {Harm Int-5 Dex+7}
  2012 | D:3      | Found a faded altar of an unknown god.
  2461 | D:4      | Noticed a centaur
  2472 | D:4      | Slain by a centaur

Illustrated notes

Levels and vault maps discovered:
D:1:      dpeg_arrival_windows_large_door, layout_rooms, minmay_misc_feat_five
D:2:      layout_basic, basic_altar
D:3:      layout_loops_ring, biasface_ghost_orc_armoury,
          chequers_ecumenical_altar_twisty
D:4:      layout_loops_corners, lemuel_blue_sif_altar,
          chequers_serial_rivers_micro_c

Skill      XL: |  1  2  3  4 |
---------------+-------------+-----
Throwing       | 2 3 4 |  4.2
Fighting       | |  1.7
Short Blades   | |  1.7
Dodging        | |  0.7
Stealth        | |  4.8

Action                   |  1- 3 |  4- 6 || total
-------------------------+-------+-------++-------
Melee: Dagger            |    99 |    26 ||   125
       Bite              |    18 |     9 ||    27
Throw: Dart              |     5 |     1 ||     6
 Stab: Sleeping          |     9 |     6 ||    15
       Distracted        |     1 |       ||     1
Armor: Robe              |    27 |     9 ||    36
Dodge: Dodged            |    62 |    16 ||    78

Table legend: (Time is in decaauts)
 A = Elapsed time spent in this place.
 B = Non-inter-level travel time spent in this place.
 C = Inter-level travel time spent in this place.
 D = Time resting spent in this place.
 E = Time spent auto-exploring this place.
 F = Levels seen in this place.
 G = Mean time per level.
                   A        B        C        D        E       F      G
               +--------+--------+--------+--------+--------+-----+--------+
         Total |   2460 |   2186 |    274 |      2 |   1846 |   4 |  615.0 |
       Dungeon |   2460 |   2186 |    274 |      2 |   1846 |   4 |  615.0 |
               +--------+--------+--------+--------+--------+-----+--------+

Top non-repeatable levels by time:
     D:2: 817 daAuts
     D:3: 809 daAuts
     D:1: 808 daAuts
     D:4: 25 daAuts
